 Dungeon Crawl Stone Soup version 0.22-a0-369-gc73351f94e (webtiles) character file.

2366 Beodren the Basher (level 9, -3/71 HPs)
             Began as a Minotaur Fighter on Apr 25, 2018.
             Killed from afar by an orc wizard (5 damage)
             ... with a magic dart
             ... on level 7 of the Dungeon.
             The game lasted 00:23:27 (6040 turns).

Beodren the Basher (Minotaur Fighter)               Turns: 6040, Time: 00:23:29

Health: -3/71      AC: 14    Str: 22 (24) XL:     9   Next: 21%
Magic:  8/8        EV:  5    Int:  3 (5)  God:
Gold:   652        SH: 10    Dex:  8 (10) Spells: 8/8 levels left

rFire    + . .     SeeInvis .   a - +0 flail
rCold    x . .     Gourm    .   c - +0 shield
rNeg     . . .     Faith    .   l - +0 plate armour
rPois    +         Spirit   .   (helmet restricted)
rElec    .         Reflect  .   (no cloak)
rCorr    .         Harm     .   (no gloves)
MR       .....     Clarity  +   (no boots)
Stlth    ..........             (no amulet)
HPRegen  0.21/turn              q - ring of poison resistance
MPRegen  0.11/turn              k - ring of fire

@: drained
A: retaliatory headbutt, horns 2, slimy green scales 1, clarity, frail 1
a: no special abilities


You were on level 7 of the Dungeon.
You were very hungry.

You visited 1 branch of the dungeon, and saw 7 of its levels.
You also visited: Ossuary.

You collected 652 gold pieces.

Inventory:

Hand Weapons
 a - a +0 flail (weapon)
Armour
 b - a +0 scale mail
 c - a +0 shield (worn)
 e - a +0 chain mail
 l - a +0 plate armour (worn)
 y - the +5 ring mail of Uxorhas {rN++, unknown}
   (You found it on level 5 of the Dungeon)

   It greatly protects you from negative energy.
 C - a +3 scale mail
 D - a +0 plate armour
Jewellery
 k - a ring of fire (right hand)
 q - a ring of poison resistance (left hand)
 A - an uncursed amulet of faith
 F - a +2 ring of intelligence {unknown}
 G - an uncursed amulet of harm
Wands
 E - a wand of clouds (6)
Scrolls
 d - 4 scrolls of identify
 h - 2 scrolls of fog
 m - 2 scrolls of amnesia
 n - 3 scrolls of teleportation
 o - a scroll of magic mapping
 p - a scroll of blinking
 u - 2 scrolls of remove curse
 v - a scroll of immolation
 B - a scroll of noise {unknown}
Potions
 g - a potion of cancellation {unknown}
 i - a potion of mutation
 j - 2 potions of agility
 r - a potion of curing
 s - 3 potions of degeneration
 t - a potion of lignification {unknown}
 w - a potion of heal wounds {unknown}
 x - a potion of brilliance {unknown}
 z - a potion of magic {unknown}
Comestibles
 f - 10 rations


   Skills:
 + Level 7.3(6.5) Fighting
 + Level 9.5(8.6) Maces & Flails
 + Level 7.3(6.5) Armour
 + Level 8.1(7.3) Shields


You had 8 spell levels left.
You didn't know any spells.

Dungeon Overview and Level Annotations

Branches:
Dungeon (7/15)
 Temple: D:4-7

Altars:
Cheibriados
Gozag
Okawaru
Sif Muna
Vehumet
Wu Jian

Shops:
D:6 =   D:7 *


Innate Abilities, Weirdness & Mutations

You reflexively headbutt those who attack you in melee.
You have a pair of horns on your head.
You are partially covered in slimy green scales. (AC +2)
You possess an exceptional clarity of mind.
You are frail. (-10% HP)


Message History

You furiously retaliate!
You headbutt the killer bee. You block the orc wizard's attack.
You block the killer bee's attack.
The orc wizard hits you with a dagger of speed.
* * * LOW HITPOINT WARNING * * *
You thump the killer bee!
The killer bee is severely wounded.
The killer bee barely misses you. You block the killer bee's attack.
The orc wizard hits you but does no damage.
You miss the killer bee. You headbutt the killer bee.
The killer bee is almost dead.
You block the killer bee's attack.
The killer bee stings you but does no damage.
The orc wizard completely misses you.
You miss the killer bee.
The killer bee is almost dead.
You block the killer bee's attack.
The killer bee stings you but does no damage.
The orc wizard casts a spell at you. The magic dart hits you!
You die...

##.# #..# >
###.#######.#..#
..≈≈≈≈≈≈≈......# .
≈≈≈.....≈##.#..# #..
....⌠.⌠.≈#..#.## ....
._...∩..≈#..... ...(.
....⌠.⌠.≈....######Z.....
≈≈≈.....≈......o@yyZ..#
..≈≈≈≈≈≈≈......#####.##
...............#
...<...........#
.........).....#
....†..........#
#..###........##
#..'_#.......##
#..###..######


You could see 2 killer bees, an orc wizard, a centaur zombie and a centaur
skeleton.

Vanquished Creatures
  The ghost of Shaidar the Chopper, a novice MiBe of Trog (D:5)
  A sky beast (D:6)
  A necrophage (D:7)
  An orc warrior (D:2)
  A phantom (D:4)
  5 ogres
  A centaur (D:6)
  A bullfrog (D:6)
  A big kobold (D:5)
  A scorpion (D:5)
  3 killer bees (D:7)
  2 howler monkeys
  2 crimson imps
  A centaur zombie (D:4)
  4 hounds
  A bullfrog skeleton (D:6)
  A centaur skeleton (D:7)
  An orc wizard (D:2)
  A worker ant (D:4)
  8 mummies (Ossuary)
  3 gnolls (D:4)
  9 adders
  2 adder skeletons
  4 worms
  A dart slug (D:1)
  7 leopard geckos
  8 orcs
  7 giant cockroaches
  A gnoll zombie (Ossuary)
  8 goblins
  7 hobgoblins
  9 jackals
  2 quokkas
  A ball python (D:5)
  8 bats
  4 frilled lizards
  2 hobgoblin zombies (Ossuary)
  2 jackal skeletons (D:4)
  13 kobolds
  3 kobold zombies (Ossuary)
  2 leopard gecko skeletons
  2 orc zombies (Ossuary)
  6 rats
  5 bushes (D:5)
  2 plants (D:5)
156 creatures vanquished.

Notes
Turn   | Place    | Note
-------+----------+-------------------------------------------
     0 | D:1      | Beodren the Minotaur Fighter began the quest for the Orb.
     0 | D:1      | Reached XP level 1. HP: 19/19 MP: 0/0
   204 | D:1      | Reached XP level 2. HP: 26/27 MP: 1/1
   567 | D:1      | Reached XP level 3. HP: 32/33 MP: 2/2
  1006 | D:2      | Reached skill level 3 in Maces & Flails
  1147 | D:2      | Noticed an orc warrior
  1147 | D:2      | Reached XP level 4. HP: 37/41 MP: 3/3
  1166 | D:2      | Killed an orc warrior
  1166 | D:2      | Reached skill level 4 in Maces & Flails
  1166 | D:2      | Reached skill level 5 in Shields
  1166 | D:2      | Reached XP level 5. HP: 15/47 MP: 4/4
  2308 | D:4      | Found a sand-covered staircase.
  2364 | D:4      | Reached XP level 6. HP: 52/55 MP: 5/5
  2429 | D:4      | Reached skill level 5 in Fighting
  2429 | D:4      | Reached skill level 5 in Maces & Flails
  2429 | D:4      | Reached skill level 5 in Armour
  2448 | D:4      | Found an iron altar of Okawaru.
  2547 | Ossuary  | Entered an ossuary
  2604 | Ossuary  | Reached XP level 7. HP: 26/61 MP: 6/6
  3690 | D:5      | Entered Level 5 of the Dungeon
  3739 | D:5      | Found an iron altar of Okawaru.
  3795 | D:5      | Noticed Shaidar's ghost (novice MiBe)
  3815 | D:5      | Killed Shaidar's ghost
  3815 | D:5      | Reached skill level 7 in Maces & Flails
  3815 | D:5      | Reached XP level 8. HP: 49/70 MP: 7/7
  4051 | D:5      | Found an opulent altar of Gozag.
  4051 | D:5      | Found a deep blue altar of Sif Muna.
  4118 | D:5      | Got a spiked ring mail
  5005 | D:6      | Reached skill level 8 in Maces & Flails
  5258 | D:6      | Found a radiant altar of Vehumet.
  5390 | D:6      | Found Kisaacarch's Jewellery Emporium.
  5405 | D:6      | Found an ornate altar of the Wu Jian Council.
  5832 | D:7      | Found Gozag's Platinum Reserve.
  5832 | D:7      | Found an opulent altar of Gozag.
  5856 | D:7      | Reached skill level 9 in Maces & Flails
  5863 | D:7      | Reached XP level 9. HP: 65/79 MP: 8/8
  5914 | D:7      | Found a snail-covered altar of Cheibriados.
  6016 | D:7      | Gained mutation: You are frail. (-10% HP) [potion of mutation]
  6016 | D:7      | Gained mutation: You possess an exceptional clarity of mind. [potion of mutation]
  6016 | D:7      | Gained mutation: You are partially covered in slimy green scales. (AC +2) [potion of mutation]
  6035 | D:7      | HP: 3/71 [killer bee (4)]
  6040 | D:7      | Killed from afar by an orc wizard

Vault maps used:
D:1:      enne_arrival_octagon_isle
D:3:      first_ration
D:4:      chequers_ossuary_entry_cave, cheibrodos_sewer_entry_bend,
          okawaru_metal_pillars_3
D:5:      grunt_temple_overflow_open, basic_altar, hangedman_decor_growths,
          lexackson_kobold_supper
D:6:      overflow_temple_1_default, basic_altar, serial_shops, kennysheep_mini
D:7:      kennysheep_mini_moat, old_standard_altar, minmay_temple_entry_statues,
          serial_shops, shop_fountains, nicolae_gozag_zags_fifth_avenue
Ossuary:  ossuary_tomb_3

Skill      XL: |  1  2  3  4  5  6  7  8  9 |
---------------+----------------------------+-----
Shields        | 4 5 6 7 8 |  8.1
Fighting       | 4 5 6 7 |  7.3
Armour         | 4 5 7 |  7.3
Maces & Flails | 3 4 5 7 9 |  9.5

Action                   |  1- 3 |  4- 6 |  7- 9 || total
-------------------------+-------+-------+-------++-------
Melee: Flail             |    96 |   170 |   420 ||   686
       Headbutt          |    14 |    32 |   132 ||   178
  Use: Scroll            |       |     4 |     5 ||     9
       Potion            |       |     1 |     6 ||     7
  Eat: Chunk             |       |     2 |     4 ||     6
       Ration            |       |     1 |     2 ||     3
Armor: Chain mail        |    41 |    11 |       ||    52
       Plate armour      |       |    90 |   120 ||   210
Dodge: Dodged            |    23 |    30 |    43 ||    96
Block: Shield            |    63 |   120 |   141 ||   324

Table legend:
 A = Spawn XP
 B = Non-spawn XP
 C = Spawn XP percentage of total XP
 D = Spawn monster count
 E = Non-spawn monster count
 F = Spawn count percentage of total count
 G = Total turns spent on level
                    A         B        C        D         E        F      G
               +---------+---------+-------+---------+---------+-------+---------
         Total |       0 |    3380 |   0.0 |       0 |     149 |   0.0 |  6040
               +---------+---------+-------+---------+---------+-------+---------
           D:1 |       0 |      42 |   0.0 |       0 |      24 |   0.0 |   912
           D:2 |       0 |     255 |   0.0 |       0 |      22 |   0.0 |   923
           D:3 |       0 |      35 |   0.0 |       0 |      14 |   0.0 |   416
           D:4 |       0 |     389 |   0.0 |       0 |      27 |   0.0 |   971
           D:5 |       0 |     963 |   0.0 |       0 |      21 |   0.0 |  1282
           D:6 |       0 |     737 |   0.0 |       0 |      15 |   0.0 |   860
           D:7 |       0 |     812 |   0.0 |       0 |      10 |   0.0 |   208
       Ossuary |       0 |     147 |   0.0 |       0 |      16 |   0.0 |   468
               +---------+---------+-------+---------+---------+-------+---------
